HSSL
H.H. DOW HS CHARGERS @ MOUNTAIN POINTE HS
04/25/2027
 
TOP OF THE 1ST
H.H. Dow HS Chargers batting - Pitching for Mountain Pointe HS : LHP John Avery
Pitching: LHP John Avery
Batting: LHB T.J. Richardson 0-0: Called Strike
0-1: Ball
1-1: Swinging Strike
1-2: Strikes out looking
Batting: LHB Joaquín Trejo 0-0: Called Strike
0-1: Ball
1-1: Called Strike
1-2: Strikes out looking
Batting: RHB Roberto Ramírez 0-0: Hit by Pitch
Batting: LHB Walt George 0-0: Swinging Strike
0-1: Foul Ball, location: 2F
0-2: Foul Ball, location: 2F
0-2: Ball
1-2: Strikes out looking
Top of the 1st over - 0 run(s), 0 hit(s), 0 error(s), 1 left on base; H.H. Dow HS 0 - Mountain Pointe HS 0
BOTTOM OF THE 1ST
Mountain Pointe HS batting - Pitching for H.H. Dow HS Chargers : RHP Dave Hayes
Pitching: RHP Dave Hayes
Batting: RHB Richard Bass 0-0: Ball
1-0: Hit by Pitch
Batting: SHB Paul Campbell 0-0: Called Strike
0-1: DOUBLE (Flyball, 7LM)
Richard Bass to third
Batting: RHB Vicente Correa 0-0: Swinging Strike
0-1: SINGLE (Groundball, 56S) (infield hit)
Richard Bass scores
Paul Campbell to third
Batting: SHB Erwin Dwyer 0-0: Fly out, F9 (Flyball, 9LM)
Batting: LHB Rob Johnson 0-0: Swinging Strike
0-1: Ball
1-1: Fielders Choice at 2nd, 3-6 (Groundball, 3)
Paul Campbell scores
Batting: RHB Ambrosio Hernández 0-0: Called Strike
0-1: Ball
1-1: Called Strike
1-2: Ball
2-2: Ground out 5-3 (Groundball, 56S)
Bottom of the 1st over - 2 run(s), 2 hit(s), 0 error(s), 1 left on base; H.H. Dow HS 0 - Mountain Pointe HS 2
TOP OF THE 2ND
H.H. Dow HS Chargers batting - Pitching for Mountain Pointe HS : LHP John Avery
Batting: RHB Roy Lovell 0-0: Single, Error in OF, E9, batter to second base
Batting: RHB Mario Ramírez 0-0: Foul Ball, location: 2F
0-1: Foul Ball, location: 2F
0-2: Ball
1-2: 2-RUN HOME RUN (Flyball, 78XD), Distance : 425 ft
Batting: SHB Jeremy Kline 0-0: Swinging Strike
0-1: Foul Ball, location: 2F
0-2: Strikes out looking
Batting: RHB Pat Turner 0-0: Ball
1-0: Called Strike
1-1: Foul Ball, location: 2F
1-2: Strikes out looking
Batting: RHB Keith Olson 0-0: Ball
1-0: Foul Ball, location: 2F
1-1: Ball
2-1: Ball
3-1: Foul Ball, location: 2F
3-2: Fly out, F7 (Flyball, 7S)
Top of the 2nd over - 2 run(s), 2 hit(s), 1 error(s), 0 left on base; H.H. Dow HS 2 - Mountain Pointe HS 2
BOTTOM OF THE 2ND
Mountain Pointe HS batting - Pitching for H.H. Dow HS Chargers : RHP Dave Hayes
Batting: RHB Bill Sharp 0-0: Ball
1-0: Ball
2-0: Ball
3-0: Base on Balls
Batting: SHB Larry Brantley 0-0: Ball
1-0: Called Strike
1-1: SINGLE (Groundball, 34D)
Bill Sharp to second
Runner from 2nd tries for 3rd, SAFE, throw made to third
Batting: RHB Harry Edwards 0-0: Ball
1-0: Foul Ball, location: 2F
1-1: Ball
2-1: Single, Error in OF, E7, batter to second base
Bill Sharp scores
Larry Brantley to third
Batting: RHB Richard Bass 0-0: Fly out, F8 (Flyball, 8RD)
Runner from 3rd tags up, SCORES, no throw
Batting: SHB Paul Campbell 0-0: Swinging Strike
0-1: Ball
1-1: Ball
2-1: Called Strike
2-2: Ball
3-2: Foul Ball, location: 2F
3-2: Foul Ball, location: 2F
3-2: Foul Ball, location: 2F
3-2: Base on Balls
Batting: RHB Vicente Correa 0-0: Ball
1-0: Foul Ball, location: 2F
1-1: Ball
2-1: Foul Ball, location: 2F
2-2: Strikes out swinging
Batting: SHB Erwin Dwyer 0-0: Swinging Strike
0-1: Ball
1-1: Fly out, F8 (Flyball, 8LS)
Bottom of the 2nd over - 2 run(s), 2 hit(s), 1 error(s), 2 left on base; H.H. Dow HS 2 - Mountain Pointe HS 4
TOP OF THE 3RD
H.H. Dow HS Chargers batting - Pitching for Mountain Pointe HS : LHP John Avery
Batting: LHB T.J. Richardson 0-0: Foul Ball, location: 2F
0-1: Ball
1-1: Fly out, F8 (Flyball, 78S)
Now in CF: Johnny Beach
Batting: LHB Joaquín Trejo 0-0: Ball
1-0: SINGLE (Line Drive, 78S)
Batting: RHB Roberto Ramírez 0-0: Ball
1-0: Foul Ball, location: 2F
1-1: Foul Ball, location: 2F
1-2: SINGLE (Groundball, 6D)
Joaquín Trejo to second
Batting: LHB Walt George 0-0: Ball
1-0: Called Strike
1-1: Ball
2-1: Foul Ball, location: 2F
2-2: Strikes out swinging
Batting: RHB Roy Lovell 0-0: Called Strike
0-1: Ball
1-1: Foul Ball, location: 2F
1-2: Strikes out swinging
Top of the 3rd over - 0 run(s), 2 hit(s), 0 error(s), 2 left on base; H.H. Dow HS 2 - Mountain Pointe HS 4
BOTTOM OF THE 3RD
Mountain Pointe HS batting - Pitching for H.H. Dow HS Chargers : RHP Dave Hayes
Batting: LHB Rob Johnson 0-0: Called Strike
0-1: Ground out 4-3 (Groundball, 34)
Batting: LHB Johnny Beach 0-0: Swinging Strike
0-1: Ground out 4-3 (Groundball, 4)
Batting: RHB Bill Sharp 0-0: Ball
1-0: Called Strike
1-1: Fly out, F4 (Popup, 4MD)
Bottom of the 3rd over - 0 run(s), 0 hit(s), 0 error(s), 0 left on base; H.H. Dow HS 2 - Mountain Pointe HS 4
TOP OF THE 4TH
H.H. Dow HS Chargers batting - Pitching for Mountain Pointe HS : LHP John Avery
Batting: RHB Mario Ramírez 0-0: Ball
1-0: Foul Ball, location: 2F
1-1: Foul Ball, location: 2F
1-2: Ball
2-2: Ball
3-2: Strikes out swinging
Batting: SHB Jeremy Kline 0-0: Ball
1-0: Ball
2-0: Swinging Strike
2-1: Ball
3-1: Foul Ball, location: 2F
3-2: Foul Ball, location: 2F
3-2: Foul Ball, location: 2F
3-2: Strikes out looking
Batting: RHB Pat Turner 0-0: Ball
1-0: Ball
2-0: Ball
3-0: Called Strike
3-1: Foul Ball, location: 2F
3-2: SINGLE (Groundball, 56D)
Batting: RHB Keith Olson 0-0: SINGLE (Flyball, 8LS)
Pat Turner to second
Batting: LHB T.J. Richardson 0-0: Ball
1-0: Called Strike
1-1: Foul Ball, location: 2F
1-2: SINGLE (Flyball, 7LS)
Pat Turner to third
Keith Olson to second
Runner from 3rd tries for Home, SAFE, no throw
Batting: LHB Joaquín Trejo 0-0: Ball
1-0: Swinging Strike
1-1: Ball
2-1: Swinging Strike
2-2: Foul Ball, location: 2F
2-2: Ball
3-2: Base on Balls
Keith Olson to third
T.J. Richardson to second
Pitching: RHP Carl Brady
Batting: RHB Roberto Ramírez 0-0: Ball
1-0: SINGLE (Groundball, 6MD)
Keith Olson scores
T.J. Richardson to third
Joaquín Trejo to second
Runner from 3rd tries for Home, SAFE, no throw
Batting: LHB Walt George 0-0: Foul Ball, location: 2F
0-1: Called Strike
Passed Ball!
Joaquín Trejo to third
Roberto Ramírez to second
0-2: Ball
1-2: Foul Ball, location: 2F
1-2: Foul Ball, location: 2F
1-2: Foul Ball, location: 2F
1-2: Ball
2-2: Ball
Wild Pitch!
Joaquín Trejo scores
Roberto Ramírez to third
3-2: Foul Ball, location: 2F
3-2: Foul Ball, location: 2F
3-2: Foul Ball, location: 2F
3-2: Fly out, F3 (Line Drive, 3)
Top of the 4th over - 4 run(s), 4 hit(s), 0 error(s), 1 left on base; H.H. Dow HS 6 - Mountain Pointe HS 4
BOTTOM OF THE 4TH
Mountain Pointe HS batting - Pitching for H.H. Dow HS Chargers : RHP Dave Hayes
Batting: SHB Larry Brantley 0-0: Ball
1-0: Foul Ball, location: 2F
1-1: Ball
2-1: Called Strike
2-2: Ball
3-2: Strikes out swinging
Batting: RHB Harry Edwards 0-0: Ball
1-0: Foul Ball, location: 2F
1-1: Ball
2-1: SOLO HOME RUN (Line Drive, 7D), Distance : 394 ft
Batting: RHB Richard Bass 0-0: Ball
1-0: Foul Ball, location: 2F
1-1: Swinging Strike
1-2: Ball
2-2: Strikes out swinging
Batting: SHB Paul Campbell 0-0: Called Strike
0-1: Ball
1-1: Ball
2-1: Ball
3-1: Foul Ball, location: 2F
3-2: Reached on error, E3 (Groundball, 34)
Batting: RHB Vicente Correa 0-0: Ball
1-0: Ball
2-0: Ball
3-0: Called Strike
3-1: Foul Ball, location: 2F
3-2: Foul Ball, location: 2F
3-2: Foul Ball, location: 2F
3-2: Base on Balls
Paul Campbell to second
Pitching: RHP Brad Hughes
Batting: SHB Erwin Dwyer 0-0: Called Strike
0-1: Called Strike
0-2: Foul Ball, location: 2F
0-2: Strikes out swinging
Bottom of the 4th over - 1 run(s), 1 hit(s), 1 error(s), 2 left on base; H.H. Dow HS 6 - Mountain Pointe HS 5
TOP OF THE 5TH
H.H. Dow HS Chargers batting - Pitching for Mountain Pointe HS : RHP Carl Brady
Batting: RHB Roy Lovell 0-0: Swinging Strike
0-1: Ball
1-1: Foul Ball, location: 2F
1-2: Strikes out swinging
Batting: RHB Mario Ramírez 0-0: Called Strike
0-1: Ball
1-1: Swinging Strike
1-2: SINGLE (Groundball, 23) (infield hit)
Batting: SHB Jeremy Kline 0-0: Called Strike
0-1: Ball
1-1: Swinging Strike
1-2: Ball
2-2: Strikes out swinging
Mario Ramírez is caught stealing 2nd base
Batter strikes out.
Top of the 5th over - 0 run(s), 1 hit(s), 0 error(s), 0 left on base; H.H. Dow HS 6 - Mountain Pointe HS 5
BOTTOM OF THE 5TH
Mountain Pointe HS batting - Pitching for H.H. Dow HS Chargers : RHP Brad Hughes
Batting: LHB Rob Johnson 0-0: Called Strike
0-1: Ball
1-1: Swinging Strike
1-2: Ball
2-2: Hit by Pitch
Batting: LHB Johnny Beach 0-0: Called Strike
0-1: Called Strike
0-2: Ball
1-2: Ball
2-2: Foul Ball, location: 2F
2-2: Ball
3-2: SINGLE (Groundball, 34D) (infield hit)
Rob Johnson to second
Batting: RHB Bill Sharp 0-0: Grounds into double play, 6-4-3 (Groundball, 56)
Rob Johnson to third
Batting: SHB Larry Brantley 0-0: Ball
1-0: Foul Ball, location: 2F
1-1: Fly out, F9 (Line Drive, 9)
Bottom of the 5th over - 0 run(s), 1 hit(s), 0 error(s), 1 left on base; H.H. Dow HS 6 - Mountain Pointe HS 5
TOP OF THE 6TH
H.H. Dow HS Chargers batting - Pitching for Mountain Pointe HS : RHP Carl Brady
Batting: RHB Pat Turner 0-0: SINGLE (Line Drive, 7S)
Batting: RHB Keith Olson 0-0: Ball
1-0: Called Strike
1-1: Called Strike
1-2: 2-RUN HOME RUN (Line Drive, 7D), Distance : 391 ft
Pitching: RHP Doug Roberts
Batting: LHB T.J. Richardson 0-0: Called Strike
0-1: Ball
1-1: Swinging Strike
1-2: Strikes out swinging
Batting: LHB Joaquín Trejo 0-0: Called Strike
0-1: Ball
1-1: Swinging Strike
1-2: Foul Ball, location: 2F
1-2: Hit by Pitch
Batting: RHB Roberto Ramírez 0-0: Swinging Strike
0-1: Ball
1-1: Called Strike
1-2: Strikes out swinging
Batting: LHB Walt George 0-0: Foul Ball, location: 2F
0-1: Called Strike
0-2: Strikes out swinging
Top of the 6th over - 2 run(s), 2 hit(s), 0 error(s), 1 left on base; H.H. Dow HS 8 - Mountain Pointe HS 5
BOTTOM OF THE 6TH
Mountain Pointe HS batting - Pitching for H.H. Dow HS Chargers : RHP Brad Hughes
Batting: RHB Harry Edwards 0-0: Ball
1-0: Foul Ball, location: 2F
1-1: Ground out 4-3 (Groundball, 4S)
Batting: RHB Richard Bass 0-0: Foul Ball, location: 2F
0-1: Foul Ball, location: 2F
0-2: Ball
1-2: Ball
2-2: Foul Ball, location: 2F
2-2: Ball
3-2: Strikes out swinging
Batting: SHB Paul Campbell 0-0: SINGLE (Groundball, 4MD)
Batting: RHB Vicente Correa 0-0: Ball
1-0: Foul Ball, location: 2F
Error on foul ball, E5
1-2: Foul Ball, location: 2F
1-2: Ball
2-2: Ball
3-2: DOUBLE (Line Drive, 78D)
Paul Campbell to third
Paul Campbell scores
Batting: SHB Erwin Dwyer 0-0: Foul Ball, location: 2F
0-1: 2-RUN HOME RUN (Flyball, 89XD), Distance : 436 ft
Pitching: RHP Javier Bentley
Batting: LHB Rob Johnson 0-0: Ball
1-0: Swinging Strike
1-1: Ball
2-1: Ball
3-1: SINGLE (Line Drive, 7S)
Batting: LHB Johnny Beach 0-0: Ball
1-0: Ball
2-0: Ball
3-0: Base on Balls
Rob Johnson to second
Batting: RHB Bill Sharp 0-0: Ball
1-0: Foul Ball, location: 2F
1-1: Ball
2-1: Called Strike
2-2: Ball
3-2: Foul Ball, location: 2F
3-2: SINGLE (Groundball, 56D)
Rob Johnson to third
Johnny Beach to second
Rob Johnson scores
Johnny Beach to third
Batting: SHB Larry Brantley 0-0: Fly out, F8 (Flyball, 8LD)
Bottom of the 6th over - 4 run(s), 5 hit(s), 1 error(s), 2 left on base; H.H. Dow HS 8 - Mountain Pointe HS 9
TOP OF THE 7TH
H.H. Dow HS Chargers batting - Pitching for Mountain Pointe HS : RHP Doug Roberts
Batting: RHB Roy Lovell 0-0: Ball
1-0: Called Strike
1-1: Foul Ball, location: 2F
1-2: Foul Ball, location: 2F
1-2: Ball
2-2: Strikes out swinging
Batting: RHB Mario Ramírez 0-0: Ball
1-0: Swinging Strike
1-1: Ball
2-1: Ball
3-1: Base on Balls
Batting: SHB Jeremy Kline 0-0: Ball
1-0: Ball
2-0: Called Strike
2-1: Grounds into double play, 4-6-3 (Groundball, 4)
Top of the 7th over - 0 run(s), 0 hit(s), 0 error(s), 0 left on base; H.H. Dow HS 8 - Mountain Pointe HS 9
BOTTOM OF THE 7TH
Mountain Pointe HS batting - Pitching for H.H. Dow HS Chargers : RHP Javier Bentley
Batting: RHB Harry Edwards 0-0: Called Strike
0-1: Fly out, F9 (Flyball, 9S)
Batting: RHB Richard Bass 0-0: Called Strike
0-1: Ball
1-1: Foul Ball, location: 2F
1-2: Fly out, F9 (Flyball, 9LS)
Batting: SHB Paul Campbell 0-0: Ball
1-0: Swinging Strike
1-1: Ball
2-1: Ground out 6-3 (Groundball, 6D)
Bottom of the 7th over - 0 run(s), 0 hit(s), 0 error(s), 0 left on base; H.H. Dow HS 8 - Mountain Pointe HS 9
TOP OF THE 8TH
H.H. Dow HS Chargers batting - Pitching for Mountain Pointe HS : RHP Doug Roberts
Batting: RHB Pat Turner 0-0: Reached on error, E6 (Groundball, 6)
Batting: RHB Keith Olson 0-0: Sac Bunt - play at first, batter OUT! 2-4
Pat Turner to second
Pitching: LHP José Cruz
Batting: LHB T.J. Richardson 0-0: Ball
Wild Pitch!
Pat Turner to third
1-0: Called Strike
1-1: Ball
2-1: Ball
3-1: Base on Balls
Pinch Hitting: LHB Bob Coztana 0-0: Ball
1-0: Swinging Strike
1-1: Ball
2-1: Fly out, F9 (Flyball, 89M)
Pitching: RHP Ben Crochers
Batting: RHB Roberto Ramírez 0-0: Foul Ball, location: 2F
0-1: Ball
1-1: Called Strike
1-2: Ball
2-2: Strikes out swinging
Top of the 8th over - 0 run(s), 0 hit(s), 1 error(s), 2 left on base; H.H. Dow HS 8 - Mountain Pointe HS 9
BOTTOM OF THE 8TH
Mountain Pointe HS batting - Pitching for H.H. Dow HS Chargers : RHP Javier Bentley
Now in LF: Bob Coztana
Batting: RHB Vicente Correa 0-0: Swinging Strike
0-1: Ball
1-1: Swinging Strike
1-2: Ball
2-2: Foul Ball, location: 2F
2-2: Strikes out swinging
Batting: SHB Erwin Dwyer 0-0: Swinging Strike
0-1: Fly out, F9 (Flyball, 9S)
Batting: LHB Rob Johnson 0-0: Ball
1-0: Ball
2-0: Ball
3-0: Base on Balls
Batting: LHB Johnny Beach 0-0: Ball
1-0: Ball
2-0: Ball
3-0: Foul Ball, location: 2F
3-1: Foul Ball, location: 2F
3-2: Base on Balls
Rob Johnson to second
Batting: RHB Bill Sharp 0-0: Ball
1-0: SINGLE (Flyball, 9S)
Rob Johnson to third
Johnny Beach to second
Pitching: RHP Wendell White
Batting: SHB Larry Brantley 0-0: Called Strike
0-1: Called Strike
0-2: Strikes out swinging
Bottom of the 8th over - 0 run(s), 1 hit(s), 0 error(s), 3 left on base; H.H. Dow HS 8 - Mountain Pointe HS 9
TOP OF THE 9TH
H.H. Dow HS Chargers batting - Pitching for Mountain Pointe HS : RHP Ben Crochers
Pitching: RHP Joe Henderson
Batting: LHB Walt George 0-0: Ball
1-0: Called Strike
1-1: Foul Ball, location: 2F
1-2: Ground out 1-3 (Groundball, 13)
Batting: RHB Roy Lovell 0-0: Ball
1-0: SINGLE (Groundball, 6D)
Batting: RHB Mario Ramírez 0-0: Called Strike
0-1: SINGLE (Groundball, 34D)
Roy Lovell to second
Throwing error, E9
Roy Lovell scores
Mario Ramírez to second
Pinch Hitting: LHB Foster Clark 0-0: Intentional Walk
Batting: RHB Pat Turner 0-0: Ball
1-0: Ball
2-0: Called Strike
2-1: Ball
3-1: Fly out, F9 (Flyball, 89S)
Batting: RHB Keith Olson 0-0: Called Strike
0-1: Swinging Strike
0-2: Strikes out swinging
Top of the 9th over - 1 run(s), 2 hit(s), 1 error(s), 2 left on base; H.H. Dow HS 9 - Mountain Pointe HS 9
BOTTOM OF THE 9TH
Mountain Pointe HS batting - Pitching for H.H. Dow HS Chargers : RHP Wendell White
Pitching: RHP Jim Hubley
Now at C: Melvin Matthews
Batting: RHB Harry Edwards 0-0: Ball
1-0: Ball
2-0: Ball
3-0: Base on Balls
Batting: RHB Richard Bass 0-0: Ball
1-0: Ball
Wild Pitch!
Harry Edwards to second
2-0: Ball
3-0: Called Strike
3-1: Base on Balls
Batting: SHB Paul Campbell 0-0: Bunt missed!
0-1: Sac Bunt - play at third, runner safe!
Richard Bass to second
Batting: RHB Vicente Correa 0-0: Foul Ball, location: 2F
0-1: Ball
1-1: SINGLE (Groundball, 56D)
Harry Edwards scores
Thursday, March 30th, 2017 - OOTP Baseball 17.12 Build 75